 Dungeon Crawl Stone Soup version 0.23-a0-307-gc3b755d (webtiles) character file.

11 iamserjio the Sneak (level 2, 3/16 HPs)
             Began as a Deep Elf Wanderer on Oct 10, 2018.
             Quit the game on level 1 of the Dungeon.
             The game lasted 00:01:49 (290 turns).

iamserjio the Sneak (Deep Elf Wanderer)              Turns: 290, Time: 00:01:50

Health: 3/16       AC:  3    Str: 11    XL:     2   Next: 13%
Magic:  4/4        EV: 12    Int: 17    God:
Gold:   64         SH:  0    Dex: 11    Spells: 1/1 levels left

rFire    . . .     SeeInvis .   g - +0 dagger
rCold    . . .     Gourm    +   (no shield)
rNeg     . . .     Faith    .   j - +0 leather armour
rPois    .         Spirit   .   (no helmet)
rElec    .         Reflect  .   (no cloak)
rCorr    .         Harm     .   (no gloves)
MR       .....                  (no boots)
Stlth    ++........             i - amulet of the gourmand
HPRegen  0.05/turn              (no ring)
MPRegen  0.09/turn              (no ring)

@: no status effects
A: no striking features
a: no special abilities


You were on level 1 of the Dungeon.
You were not hungry.

You visited 1 branch of the dungeon, and saw 1 of its levels.

You collected 64 gold pieces.

Inventory:

Hand Weapons
 f - a +0 club
 g - a +0 dagger (weapon)
 l - a +0 short sword
Armour
 e - a +0 robe
 j - a +0 leather armour (worn)
Jewellery
 i - an amulet of the gourmand (around neck)
Scrolls
 a - a scroll of fear
 d - a scroll of teleportation
Potions
 b - a potion of haste
 c - 2 potions of curing {@q1}
 k - 3 potions of might {unknown}
Comestibles
 h - 3 rations


   Skills:
 - Level 1.5 Fighting
 + Level 0.7(1.0) Short Blades
   Level 1.0(1.1) Long Blades
 * Level 2.4 Dodging
 - Level 3.6 Stealth
   Level 1.0 Shields
 - Level 1.0 Unarmed Combat
   Level 1.1 Evocations


You had one spell level left.
You didn't know any spells.
Your spell library was empty.

Dungeon Overview and Level Annotations

Branches:
Dungeon (1/15)

Altars:


Message History

You hit the goblin.
You kill the goblin!
You see here a dagger.
k - 3 blue potions (gained 1)
You open the door.
There is an open door here.
Found a ration.
A frilled lizard comes into view.
The frilled lizard hisses angrily.
You see here a ration.
You closely miss the frilled lizard.
The frilled lizard bites you but does no damage.
h - 3 rations (gained 1)
The frilled lizard bites you.
You barely miss the frilled lizard. The frilled lizard bites you.
You closely miss the frilled lizard. The frilled lizard bites you.
* * * LOW HITPOINT WARNING * * *
You hit the frilled lizard.
You kill the frilled lizard!
You see here a frilled lizard corpse.

#.).†#...##
##.#.#.....
###########.#)##.>..
#.........#.#.......
#.........#.#.......
#.........#.#.......
#.........+.#.......
#.........###.......
#..@......# #.###.##
#.........# #.# #.##
#.........# #.. ..#.
#.........#########.
#....†........#####.
############........
#........ #........
##.#####'


There were no monsters in sight!

Vanquished Creatures
  A bat (D:1)
  A giant cockroach (D:1)
  3 goblins (D:1)
  A hobgoblin (D:1)
  A frilled lizard (D:1)
  3 rats (D:1)
10 creatures vanquished.

Notes
Turn   | Place    | Note
-------+----------+-------------------------------------------
     0 | D:1      | iamserjio the Deep Elf Wanderer began the quest for the
                  | Orb.
     0 | D:1      | iamserjio set off with: a scroll of fear, a potion of
                  | haste, a potion of curing {@q1}, a scroll of teleportation,
                  | a +0 robe, a +0 club, a +0 dagger, a ration
     0 | D:1      | Reached XP level 1. HP: 12/12 MP: 3/3
   227 | D:1      | Reached XP level 2. HP: 6/16 MP: 4/4
   290 | D:1      | Quit the game

Vault maps used:
D:1:      minmay_arrival_four_houses

Skill      XL: |  1 |
---------------+----+-----
Dodging        | 2 |  2.4
Fighting       | |  1.5
Short Blades   | |  0.7
Long Blades    | |  1.0
Stealth        | |  3.6
Shields        | |  1.0
Unarmed Combat | |  1.0
Evocations     | |  1.1

Action                   || total
-------------------------++-------
Melee: Dagger            ||    40
  Eat: Chunk             ||     3
Armor: Leather armour    ||    13
Dodge: Dodged            ||    21

Table legend:
 A = Non-vault XP
 B = Vault XP
 C = Vault XP percentage of total XP
 D = Non-vault monster count
 E = Vault monster count
 F = Vault count percentage of total count
                 A         B        C        D         E       F
            +---------+---------+-------+---------+---------+-------
      Total |      16 |       0 |   0.0 |      10 |       0 |   0.0
            +---------+---------+-------+---------+---------+-------
        D:1 |      16 |       0 |   0.0 |      10 |       0 |   0.0
            +---------+---------+-------+---------+---------+-------
